 Dungeon Crawl Stone Soup version 0.31-a0-1610-g9787180647 (webtiles) character file.

Game seed: 11234045216041476154

42 Inarius the Ducker (level 3, -2/26 HPs)
             Began as an Octopode Fighter on Jan 8, 2024.
             Slain by a gnoll
             ... wielding a +0 spear
              (6 damage)
             ... on level 2 of the Dungeon.
             The game lasted 00:01:05 (1033 turns).

Inarius the Ducker (Octopode Fighter)               Turns: 1033, Time: 00:01:07

Health: -2/26      AC:  1    Str: 15    XL:     3   Next: 56%
Magic:  3/3        EV: 13    Int: 10    God:
Gold:   176        SH:  4    Dex: 13    Spells: 2/2 levels left

rFire   . . .        a - +0 war axe
rCold   . . .        b - +0 buckler
rNeg    . . .        (helmet restricted)
rPois   .            (no amulet)
rElec   .            f - ring of see invisible
rCorr   .            (no ring)
SInv    +            (no ring)
Will    .....        (no ring)
Stlth   +++          (no ring)
HPRegen 0.24/turn    (no ring)
MPRegen 0.08/turn    (no ring)
                     (no ring)

%: no passive effects
@: no status effects
A: almost no armour, amphibious, 8 rings, camouflage 1, gelatinous body 1,
(nimble swimmer 1), tentacles
a: no special abilities


You were on level 2 of the Dungeon.
You visited 1 branch of the dungeon, and saw 2 of its levels.

You collected 176 gold pieces.

Inventory:

Hand Weapons
 a - a +0 war axe (weapon)
Armour
 b - a +0 buckler (worn)
Jewellery
 f - a ring of see invisible (left tentacle)
Scrolls
 g - a scroll of fear {unknown}
 h - a scroll of identify {unknown}
 i - a scroll of blinking {unknown}
Potions
 c - a potion of might
 d - 2 potions of curing {unknown}
 e - 2 potions of mutation {unknown}


   Skills:
 + Level 3.2 Fighting
 + Level 2.6 Axes
 + Level 3.4 Dodging
 + Level 1.0 Stealth
 + Level 3.2 Shields


You had 2 spell levels left.
You didn't know any spells.
Your spell library contained the following spells:

 Spells                   Type           Power      Damage    Failure   Level
 Shock                    Conj/Air       0%         1d3       45%         1
 Swiftness                Air            0%         N/A       83%         3
 Airstrike                Air            0%         2d(0-16)  99%         4


Dungeon Overview and Level Annotations

Branches:
Dungeon (2/15)

Altars:


Innate Abilities, Weirdness & Mutations

You cannot wear most types of armour.
You are amphibious.
You can wear up to eight rings at the same time.
Your skin changes colour to match your surroundings (Stealth+).
Your rubbery body absorbs attacks. (AC +1, EV +1)
((You are camouflaged when in or above water. (Stealth+)))
You have tentacles for arms and can constrict up to eight enemies at once.


Message History

Found a helmet.
A goblin comes into view. It is wielding a +0 dagger.
A goblin is nearby!
A goblin is nearby!
Found a mace.
Found a whip.
A gnoll comes into view. It is wielding a +0 spear.
The goblin shouts!
The gnoll shouts!
You hear a shout! x2
A ball python comes into view.
A gnoll comes into view. It is wielding a +0 spear.
A gnoll comes into view. It is wielding a +0 flail.
You closely miss the goblin.
The ball python hisses angrily.
You grab the goblin. You constrict the goblin.
The goblin hits you with a +0 dagger. The goblin hits you but does no damage.
The ball python bites you. You block the ball python's attack.
You slash the goblin!
You kill the goblin!
You hit the ball python. The ball python bites you.
The ball python barely misses you.
You hit the ball python.
You kill the ball python!
A gnoll comes into view. It is wielding a +0 spear.
The gnoll hits you from afar with a +0 spear.
The gnoll moves out of view.
Your Stealth skill increases to level 1!
The gnoll closely misses you.
You see here a ball python corpse.
You hit the gnoll but do no damage. You grab the gnoll.
Your squeeze misses the gnoll. You slash the gnoll! You constrict the gnoll.
The gnoll barely misses you. The gnoll hits you with a +0 spear.
The gnoll barely misses you.
You barely miss the gnoll. You grab the gnoll.
The gnoll is severely wounded.
You hit the gnoll. You constrict the gnoll. x2
The gnoll hits you with a +0 flail!
* * * LOW HITPOINT WARNING * * *
The gnoll closely misses you.
The gnoll hits you from afar with a +0 spear.
You die...

.........#
#.#.#.#.#.##.########
....................
#.#.#.#.#.#........)##
##...).......#...###)..
#.#.#.#.#.#.#..#######.
................#####
#.#.#.#.#.#.#.#.........
#......@...........#####
...#.#g#g#.#.#.[#.## ...
..g...)...###.# ###
..#.#.#.#.#.# .#
.............## .#
.....#.#.#.#... .
....... ..### ........
### #.# #.#


You could see 3 gnolls.

Vanquished Creatures
  2 ribbon worms (D:2)
  A dart slug (D:2)
  5 ball pythons
  5 bats
  5 endoplasms (D:1)
  4 goblins
  2 hobgoblins
  A quokka (D:1)
  A frilled lizard (D:1)
  3 kobolds
  A rat (D:1)
30 creatures vanquished.

Notes
Turn   | Place    | Note
-------+----------+-------------------------------------------
     0 | D:1      | Inarius the Octopode Fighter began the quest for the Orb.
     0 | D:1      | Reached XP level 1. HP: 16/16 MP: 1/1
    86 | D:1      | Reached XP level 2. HP: 19/21 MP: 2/2
   694 | D:2      | Reached XP level 3. HP: 21/26 MP: 3/3
   777 | D:2      | Found a faded altar of an unknown god.
  1031 | D:2      | Reached skill level 1 in Stealth
  1033 | D:2      | Slain by a gnoll

Illustrated notes

Levels and vault maps discovered:
D:1:      mrwooster_arrival_statue, layout_basic, serial_glass, glass_columns_a,
          glass_columns_c, chequers_serial_rivers_micro_c
D:2:      layout_rooms, hellmonk_ecumenical_altar_pennies_from_heaven,
          minivault_14, hex_medium, roderic_lattice_a

Skill      XL: |  1  2  3 |
---------------+----------+-----
Stealth        | 1 |  1.0
Fighting       | |  3.2
Axes           | |  2.6
Dodging        | |  3.4
Shields        | |  3.2

Action                     || total
---------------------------++-------
  Melee: War axe           ||    55
         Constrict         ||    13
         Tentacles         ||     6
         Punch             ||     1
   Stab: Sleeping          ||     8
 Armour: Skin              ||    28
  Dodge: Dodged            ||    32
  Block: Buckler           ||    16

Table legend: (Time is in decaauts)
 A = Elapsed time spent in this place.
 B = Non-inter-level travel time spent in this place.
 C = Inter-level travel time spent in this place.
 D = Time resting spent in this place.
 E = Time spent auto-exploring this place.
 F = Levels seen in this place.
 G = Mean time per level.
                   A        B        C        D        E       F      G
               +--------+--------+--------+--------+--------+-----+--------+
         Total |   1055 |   1038 |     17 |     48 |    771 |   2 |  527.5 |
       Dungeon |   1055 |   1038 |     17 |     48 |    771 |   2 |  527.5 |
               +--------+--------+--------+--------+--------+-----+--------+

Top non-repeatable levels by time:
     D:1: 660 daAuts
     D:2: 394 daAuts
